Cogmind - Beta 14 --- EXPLORER MODE // 2024.09.20 @ 15:16:10 // Winter2022/Polymind Player: JustYourOrdinaryPerson Result: Self-destructed Performance ------------- Evolutions (1) 500 Regions Visited (2) 400 Robots Destroyed (0) 0 Value Destroyed (0) 0 Prototype IDs (0) 0 Alien Tech Used (0) 0 Bonus (760) 760 TOTAL SCORE: 1590 Bonus ------- Polymind Skill 560 Pacifist 200 Cogmind --------- Core Integrity 372/400 Matter 0/0 Energy 50/50 System Corruption 0% Temperature Cool (1) Movement Rolling (80) Location -9/Materials Parts ------- > --- POWER (1) -------- Light Ion Engine > --- PROPULSION (2) --- Wheel Wheel > --- UTILITY (3) ------ Structural Scanner Terrain Scanner Terrain Scan Processor > --- WEAPON (1) ------- Welding Torch > --- INVENTORY (0) ---- (None) Peak State ------------ > --- POWER ------------ Light Ion Engine > --- PROPULSION ------- Wheel Wheel > --- UTILITY ---------- Structural Scanner Terrain Scanner Terrain Scan Processor > --- WEAPON ----------- Welding Torch > --- INVENTORY -------- (None) [Rating: 8] Favorites ----------- Power Light Ion Engine Engine Light Ion Engine Propulsion Compact Wheel Wheel Compact Wheel Utility Small Storage Unit Device Tractor Beam Storage Small Storage Unit Processor Terrain Scan Processor Weapon Welding Torch Special Weapon Welding Torch Build | -11 -10 -9 ------- Run | Yrd Mat Mat Slots Evolved . | . . . Power . | . . . Propulsion . | . . . Utility . | . . . Weapon . | . . . Parts Attached . | . . . Power . | . . . Engine . | . . . Core . | . . . Reactor . | . . . Propulsion . | . . . Treads . | . . . Leg . | . . . Wheel . | . . . Hover . | . . . Flight . | . . . Utility . | . . . Device . | . . . Storage . | . . . Processor . | . . . Hackware . | . . . Protection . | . . . Artifact . | . . . Weapon . | . . . Energy Gun . | . . . Energy Cannon . | . . . Ballistic Gun . | . . . Ballistic Cannon . | . . . Launcher . | . . . Special Weapon . | . . . Impact Weapon . | . . . Slashing Weapon . | . . . Piercing Weapon . | . . . Special Melee Weapon . | . . . Unidentified Prototypes . | . . . Parts Lost . | . . . Power . | . . . Propulsion . | . . . Utility . | . . . Weapon . | . . . Highest Loss Streak . | . . . To Critical Strikes . | . . . Average Slot Usage (%) 96 | . 95 100 Engine 17 | . 18 14 Wheel 34 | . 36 28 Device 22 | . 20 28 Storage 12 | . 16 . Processor 5 | . 1 14 Special Weapon 5 | . 1 14 Peak Build Rating 8 | 5 8 8 Average Rating 5 | 3 5 8 On Entrance 4 | . 5 8 Naked Turns 2 | . 2 . Heaviest Build 9 | 9 9 6 Greatest Support 32 | 32 32 20 Greatest Overweight (x) . | . . . Average Overweight (x) . | . . . Largest Inventory Capacity 4 | 4 4 . Average Capacity 2 | 3 3 . Most Carried 4 | . 4 . Average Carried 1 | . 1 . Final Capacity 4 | 4 . . Final Carried . | . . . Class Distribution -------------------- 62% | Recycler 36% | Builder Dominant Class ---------------- Recycler | -10/Materials Builder | -9/Materials Resources | -11 -10 -9 ----------- Run | Yrd Mat Mat Matter Collected . | . . . Remotely . | . . . Salvage Created . | . . . Parts . | . . . Haulers Intercepted . | . . . Recyclers Shooed . | . . . Parts Field Recycled . | . . . Retrieved Matter . | . . . Parts Self-Destructed . | . . . Prevented . | . . . Kills | -11 -10 -9 ------- Run | Yrd Mat Mat Combat Hostiles Destroyed . | . . . Classes Destroyed . | . . . Best Kill Streak . | . . . Combat Bots Only . | . . . Max Kills in Single Turn . | . . . Gunslinging . | . . . Exploded . | . . . Melee . | . . . Uniques/NPCs Destroyed . | . . . Combat | -11 -10 -9 -------- Run | Yrd Mat Mat Hostile Shots Fired 14 | . . 14 Missed 3 | . . 3 Damage Taken 103 | . . 103 Core 28 | . . 28 Absorbed by Shields . | . . . Ignored by Resistances 64 | . . 64 Core Remaining (%) 100 | 100 100 . Volleys Fired . | . . . Largest . | . . . Hottest . | . . . Shots Fired . | . . . Gun . | . . . Cannon . | . . . Launcher . | . . . Special . | . . . Kinetic . | . . . Thermal . | . . . Explosive . | . . . Electromagnetic . | . . . Robot Hit Streak . | . . . Robot Miss Streak . | . . . Penetration Max . | . . . Secondary Targets . | . . . Shots Hit Robots . | . . . Core Hits . | . . . Critical Kills . | . . . Critical Parts Destroyed . | . . . Critical Strikes . | . . . Melee Attacks . | . . . Impact . | . . . Slashing . | . . . Piercing . | . . . Sneak Attacks . | . . . Combat Hostiles . | . . . Follow-up Attacks . | . . . Damage Inflicted . | . . . Guns . | . . . Cannons . | . . . Explosions . | . . . Melee . | . . . Ramming . | . . . Kinetic . | . . . Thermal . | . . . Explosive . | . . . Electromagnetic . | . . . Impact . | . . . Slashing . | . . . Piercing . | . . . Highest Corruption . | . . . Average Corruption . | . . . Corruption Purged . | . . . Corruption Blocked . | . . . Overload Shots . | . . . Overflow Damage . | . . . Projectiles . | . . . Explosions . | . . . Melee . | . . . Knockbacks . | . . . Impact . | . . . Kinetic . | . . . Secondary . | . . . Self-Inflicted Damage . | . . . Shots . | . . . Rammed . | . . . Targets Rammed . | . . . Kicked . | . . . Crushed . | . . . Highest Temperature 1 | . . 1 Average Temperature 1 | . . 1 Received Heat Transfer 36 | . . 36 Siege Activations . | . . . Robots Corrupted . | . . . Combat Hostiles . | . . . Parts Fried . | . . . Impact Corruptions . | . . . Robots Melted . | . . . Combat Hostiles . | . . . Parts Melted . | . . . Heat Transferred . | . . . Parts Sabotaged . | . . . Parts Stolen . | . . . Parts Stripped . | . . . Power Chain Reactions . | . . . Alert | -11 -10 -9 ------- Run | Yrd Mat Mat Peak Influence 90 | . . 90 Initial . | . . . Average 6 | . . 24 Maximum Alert Level . | . . . Low Security (%) 100 | 100 100 100 Level 1 . | . . . Level 2 . | . . . Level 3 . | . . . Level 4 . | . . . Level 5 . | . . . High Security . | . . . Max Security . | . . . Squads Dispatched . | . . . Investigation . | . . . Extermination . | . . . Reinforcement . | . . . Assault . | . . . Garrison . | . . . Intercept . | . . . Searches Triggered . | . . . Construction Impeded . | . . . Haulers Reinforced . | . . . Active Scanning Responses . | . . . Cargo Convoy Interrupts . | . . . Stealth | -11 -10 -9 --------- Run | Yrd Mat Mat Distress Signals . | . . . Communications Jammed . | . . . Distress Signals . | . . . Times Spotted 6 | . . 6 Peak Tracking Total 5 | . . 5 Tactical Retreats . | . . . Traps | -11 -10 -9 ------- Run | Yrd Mat Mat Traps Triggered . | . . . Indirectly . | . . . Trap Hack Attempts . | . . . Triggered . | . . . Disarmed . | . . . Reprogrammed . | . . . Reused . | . . . Traps Extracted . | . . . Installed . | . . . Triggered . | . . . Machines | -11 -10 -9 ---------- Run | Yrd Mat Mat Machines Disabled . | . . . Max in Single Turn . | . . . Machines Repaired . | . . . Machines Dismantled . | . . . Machines Sabotaged . | . . . Overloaded Fab Kills . | . . . Hacking | -11 -10 -9 --------- Run | Yrd Mat Mat Machines Accessed . | . . . Terminals . | . . . Fabricators . | . . . Repair Stations . | . . . Recycling Units . | . . . Scanalyzers . | . . . Garrison Access . | . . . Total Hacks . | . . . Successful . | . . . Failed . | . . . Catastrophic . | . . . Database Lockouts . | . . . Manual . | . . . Terminals . | . . . Fabricators . | . . . Repair Stations . | . . . Recycling Units . | . . . Scanalyzers . | . . . Garrison Access . | . . . Terminal Hacks . | . . . Fabricator Hacks . | . . . Repair Station Hacks . | . . . Recycling Unit Hacks . | . . . Scanalyzer . | . . . Garrison Access Hacks . | . . . Unauthorized Hacks . | . . . Terminals . | . . . Fabricators . | . . . Repair Stations . | . . . Recycling Units . | . . . Scanalyzers . | . . . Garrison Access . | . . . Data Cores Recovered . | . . . Used . | . . . Hacking Detections . | . . . Full Trace Events . | . . . Feedback Events . | . . . Feedback Blocked . | . . . Robot Schematics Acquired . | . . . Robots Built . | . . . Authchips . | . . . Time . | . . . Total Robot Build Rating . | . . . Part Schematics Acquired . | . . . Parts Built . | . . . Authchips . | . . . Time . | . . . Total Part Build Rating . | . . . Parts Repaired . | . . . Time . | . . . Parts Recycled . | . . . Recycled Matter . | . . . Retrieved Matter . | . . . Retrieved Components . | . . . Parts Scanalyzed . | . . . Part Schematics Acquired . | . . . Parts Damaged . | . . . Bothacking | -11 -10 -9 ------------ Run | Yrd Mat Mat Used RIF Installer . | . . . Robots Hacked 1 | . 1 . Non-combat 1 | . 1 . Combat . | . . . Robot Hacks Applied 1 | . 1 . map_walls 1 | . 1 . Relay Couplers Released . | . . . Fabnet Peak Effective % . | . . . Robots Rewired . | . . . Allies Hacked . | . . . Hacks Repelled . | . . . Allies | -11 -10 -9 -------- Run | Yrd Mat Mat Total Allies . | . . . Largest Group . | . . . Highest-Rated Group . | . . . Highest-Rated Ally . | . . . Total Orders . | . . . Ally Attacks . | . . . Total Damage . | . . . Kills . | . . . Allies Corrupted . | . . . Allies Melted . | . . . Intel | -11 -10 -9 ------- Run | Yrd Mat Mat Robot Analysis Total 2 | 1 1 . Derelict Logs Recovered . | . . . Drone Launches . | . . . Drone Recoveries . | . . . Exploration | -11 -10 -9 ------------- Run | Yrd Mat Mat Turns Passed 359 | 32 237 90 Spaces Moved 312 | 39 224 49 Core 17 | 14 3 . Treads . | . . . Legs . | . . . Wheels 295 | 25 221 49 Hover . | . . . Flight . | . . . Fastest Speed 50 | 50 50 80 Average Speed 91 | 82 95 80 Slowest Speed 100 | 100 100 80 Overloaded Moves . | . . . Propulsion Burnouts . | . . . Robots Hopped . | . . . Cave-ins Triggered . | . . . Exploration Rate (%) 13 | 3 31 7 Regions Visited 2 Branch Regions . Pre-discovered Areas . | . . . Known Exits Taken 2 | 1 1 . Unknown Exits Taken . | . . . Scrap Searched . | . . . Spaces Dug . | . . . Terrain Destroyed . | . . . Melee . | . . . Projectile . | . . . AOE . | . . . Terrain Rammed . | . . . Walls Destroyed . | . . . Machines Disabled . | . . . Actions | -11 -10 -9 --------- Run | Yrd Mat Mat Total 383 | 38 246 99 Wait 50 | . . 50 Move 310 | 38 223 49 Hop . | . . . Pick Up 13 | . 13 . Fast Attach . | . . . Attach . | . . . Detach . | . . . Swap . | . . . Drop . | . . . Fire . | . . . Melee . | . . . Ram . | . . . Kick . | . . . Crush . | . . . Escape Stasis . | . . . Rewire . | . . . Trap . | . . . Miscellaneous 10 | . 10 . Route ------- -11/Scrapyard -10/Materials -9/Materials History --------- Turn | Location | Event 4 | -11/Scrapyard | Identified exit to Materials 4 | -11/Scrapyard | Discovered exit to Materials (range 13) 33 | -11/Scrapyard | Entered Materials 262 | -10/Materials | Identified exit to Materials 262 | -10/Materials | Discovered exit to Materials (range 11) 270 | -10/Materials | Entered another Materials area 360 | -9/Materials | Self-destructed Last Messages --------------- 00150_ Acquired Lgt. Treads. 00152_ Acquired Hcp. Battery. 00157_ Inserted Lgt. Treads into recycling unit. 00158_ Inserted Hcp. Battery into recycling unit. 00171_ Acquired Datajack. 00192_ Inserted Datajack into recycling unit. 00193_ Recycling unit begins recycling process. 00205_ Acquired Assault Rifle. 00227_ Inserted Assault Rifle into recycling unit. 00238_ Released control of R-06 Scavenger. 00239_ R-06 Scavenger reactivates. 00240_ Took control of U-05 Engineer. 00240_ Extracted analysis data for U-05 Engineer. 00262_ EXIT=FOUND: MATERIALS LOCATION=MATERIALS GOAL=ESCAPE 00333_ K-01 Serf collects debris. 00346_ C-30 ARC bursts open, deploying its payload. 00346_ S-10 Pest unfolds itself. 00353_ K-01 Serf collects debris. Map ----- +----------------------------------------------------+ | ?????????????????????????????????????????????????? | | ?????????????????????????????????????????????????? | | ?????????????????????????????????????????????????? | | ?????????????????????????????????????????????????? | | ?????????????????????????????????????????????????? | | ?????????????????????????????????????????????????? | | ?????????????????????????????????????????????????? | | ?????????????????????????????????????????????????? | | ?????????????????????????????????????????????????? | | ?????????????????????????????????????????????????? | | ?????????????????????????????????????????????????? | | ????????????????????????? ???????????????????????? | | ????????????????????????? ??? ??????????????????? | | ??????????????????? ?? ??????????????????????????? | | ????????????????????? ????????? ???????????????? | | ??????????????????#? ?? ? ???##?#?#??????????????? | | ??????????????? ??? ? ??#?????#?????????????? | | ?????????????????#?#??#+####????#?##?????????????? | | ??????????????????#??? ####???????????????????? | | ??????????????? ???? ??? ?????? ??????????????? | | ????????????? ? ???? ?? w ??? ?T???##??????????? | | ??????????????????? ??? k ??? ? ??????????????? | | ????????????? ?????##?? sw##?#? ? ??????????????? | | ??????????????????????###s##?#?#?????????????????? | | ????????????? ?????????##Y### ?????? ?#??????????? | | ????????????? ????????###u###? ? ?? ?#??????????? | | ?????????????????###???## ##?????????????????????? | | ????????????##??###?##### ##??"?? ??? ???????????? | | ????????????#???#????#### ### ??" ???????????????? | | ????????????#??#???##??## ### ?? ??????????????? | | ????????????#???######### ### ?? ? ???#????????? | | ????????????????######### # ?? ?? ????????????? | | ?????????????? ? # ###?#?#??##??????????? | | ????????????? ??""" # ##??#####????????????? | | ???????????????? ??""" + ##??####?#???????????? | | ?????????????????? """ # # ?????????????? | | ??????????????S???? ?? # # ? ?????????????? | | ????????????? "?? ????? # # ??? ???????????? | | ????????????? ? ? ? ? # # "???????????????? | | ?????????????????????#?## # ????????????????? | | ?????????????????##?##?## # ??""????#?????????? | | ???????????????????###?## + ?????????#?????????? | | ?????????????"????#????## # ? ?? ? ???????????? | | ??????????????"???####?## ###????#?????#???????? | | ?????????????????####??## ## ????? ??#???#?????? | | ????????????? ? ##"""### ##? ? ? ? ??????????? | | ?????????????#?####"T"### ##? ? ??? ???????????? | | ?????????????? + # ##?? ?? ???????????? | | ???????????????## + ## ? ?? #?##??????? | | ???????????????##= # ## ?? ???????????????# | +----------------------------------------------------+ Best States ------------- Heat Dissipation 25 Energy Generation 10 Energy Capacity 100 Sight Range 16 Terrain Scan Range 14 Terrain Scan Density 85 Resistance: KI 35 Resistance: TH 35 Resistance: EX 35 Resistance: EM 35 Resistance: I 35 Resistance: S 35 Resistance: P 35 Evasion (%) 50 Offensive Hacking 20 Item Schematics ----------------- None Robot Schematics ------------------ None Fabricated ------------ Nothing Alien Tech Used ----------------- None Achievements -------------- None Challenges ------------ None Polymind | -11 -10 -9 ---------- Run | Yrd Mat Mat Hosts 2 | 1 1 . Combat Hostiles . | . . . Allies . | . . . Unique Host Classes 2 | 1 1 . Average Host Suspicion 22 | 4 14 49 Unsuspicious Activity 54 | 2 52 . Returns to Shadow . | . . . Fuzzy Dispatches . | . . . Protomatter Created . | . . . Used 10 | 5 5 . Decayed . | . . . Highest Spend 5 | 5 5 . Game ------ Seed CobblerSuperdenseNanovents Manual? 0 Play Time 00:05:15 Cumulative 6.9 hours Start 2024.09.20 @ 15:12:08 End 2024.09.20 @ 15:16:10 Sessions 1 Manual Loads 0 Difficulty Explorer Special Mode Winter2022/Polymind Game No. 14 Rogue 1 Adventurer 0 Explorer 13 Win Type - Total 0 Types 0/0/0/0/0/0/0/0/0 Lore% 8 Gallery% 12 Achievement% 15 Wizard Run 0 Options --------- Layout 0 ASCII 0 Keyboard 0 Movement Numpad Keybinds 0 Fullscreen 2 Font 18/SmallcapsGlow Map View 76x50 Zoom Use 0% Tactical HUD 1 Map Filters NONE Filters NONE Steam 0 RUN: f16ad027-4c29-4301-9486-5670e884d8f8